 Dungeon Sprint DCSS version 0.18-a0-1361-g9293dd1 (webtiles) character file.

17272 Kidiri the Protected (level 12, -6/85 HPs)
             Began as a Gargoyle Fighter on Feb 20, 2016.
             Was a High Priest of Okawaru.
             Hit by a large rock thrown by a stone giant (31 damage)
             ... in the Dungeon (Sprint IX: "|||||||||||||||||||||||||||||").
             The game lasted 00:17:13 (3184 turns).

Kidiri the Protected (Gargoyle Fighter)             Turns: 3184, Time: 00:17:13

Health: -6/85      AC: 36    Str: 22    XL:     12   Next: 46%
Magic:  19/19      EV: 14    Int: 10    God:    Okawaru [*****.]
Gold:   838        SH: 14    Dex: 14    Spells: 0 memorised, 11 levels left

rFire  . . .     SeeInvis +     a - +0 flail
rCold  . . .     Gourm    +     t - +4 chain mail {rN+}
rNeg   + + .     Faith    .     c - +0 shield
rPois  ∞         Spirit   .     G - +1 helmet {SInv}
rElec  +         Dismiss  .     q - +0 cloak
rCorr  .         Reflect  .     s - +1 pair of gloves {archery}
SustAt .         Harm     .     y - +0 pair of boots
MR     .....     NoTele   +     w - amulet of the gourmand
Stlth  ..........               u - +2 ring of protection
                                K - +3 ring of dexterity

@: not resistant to hostile enchantments, extremely unstealthy
A: deterioration 1, negative energy resistance 1, electricity resistance,
unbreathing, petrification resistance, rot immunity, AC +8
a: Heroism, Finesse, Renounce Religion


You were in the Dungeon.
You worshipped Okawaru.
Okawaru was extremely pleased with you.
You were not hungry.

You visited 1 branch You collected 1927 gold pieces.
You spent 1089 gold pieces at shops.

Inventory:

Hand Weapons
 a - a +0 flail (weapon)
Missiles
 F - 3 javelins of penetration (quivered)
Armour
 c - a +0 shield (worn)
 q - a +0 cloak (worn)
 s - a +1 pair of gloves of archery (worn)
 t - a +4 chain mail of positive energy (worn)
 y - a +0 pair of boots (worn)
 G - a +1 helmet of see invisible (worn)
Jewellery
 r - an uncursed ring of protection from fire
 u - a +2 ring of protection (right hand)
 w - an amulet of the gourmand (around neck)
 E - an uncursed ring of protection from cold
 K - a +3 ring of dexterity (left hand)
Wands
 p - a wand of acid (7/15)
 v - a wand of iceblast (8/15)
Scrolls
 j - 5 scrolls of fog
 k - 2 scrolls of blinking
 n - 2 scrolls of remove curse
 o - 3 scrolls of amnesia
 H - 2 scrolls of recharging
 I - a scroll of fear
 J - 2 scrolls of enchant weapon
Potions
 b - a potion of berserk rage
 d - 2 potions of cure mutation
 e - a potion of invisibility
 g - 2 potions of heal wounds
 h - 2 potions of haste
 i - 4 potions of magic
 m - 6 potions of curing
 x - a potion of might
 C - a potion of agility
Comestibles
 f - 13 bread rations
 z - 40 fruits
 A - 11 meat rations


   Skills:
 * Level 14.1 Fighting
 * Level 13.1 Maces & Flails
 + Level 8.7 Throwing
 * Level 14.3 Armour
 * Level 11.0 Dodging
 * Level 14.2 Shields
 + Level 9.9 Invocations


You had 11 spell levels left.
You didn't know any spells.

Dungeon Overview and Level Annotations

Branches:
Dungeon (1/1)

Altars:
Cheibriados
Dithmenos
Elyvilon
Fedhas
Gozag
Kikubaaqudgha
Makhleb
Nemelex Xobeh
Okawaru
Pakellas
Qazlal
Ru
Sif Muna
Trog
Vehumet
Xom
Yredelemnul
Zin
The Shining One
Beogh
Jiyva
Lugonu

Shops:
D =::[


Innate Abilities, Weirdness & Mutations

You are resistant to torment.
Your stone body is resilient (AC +8).
You are immune to poison.
You resist negative energy.
You are resistant to electric shocks.
You can survive without breathing.
You are immune to petrification.
You are immune to rotting.
Your body sometimes deteriorates upon taking damage.


Message History

You resist with significant effort.
You sock the great orb of eyes!
The great orb of eyes is almost dead.
You hit the great orb of eyes.
You kill the great orb of eyes!
Okawaru accepts your kill.
Your Dodging skill increases to level 11!
F - 3 javelins of penetration A stone giant comes into view.
The stone giant throws a large rock.
You block the large rock.
You see here a large rock.
Things that are here:
a dire flail x2; an ettin corpse
Okay, then.
Unknown command.
Unknown command.
Unknown command.
You butcher the ettin corpse.
The stone giant throws a large rock.
The large rock hits you!!
You die...

▓▓▓▓▓▓▓▓▓▓▓▓▓▓▓▓▓▓▓▓▓▓▓▓▓▓▓▓▓
.....C.(....@))([.........[[[
▓▓▓▓▓▓▓▓▓▓▓▓▓▓▓▓▓▓▓▓▓▓▓▓▓▓▓▓▓▓▓▓▓
.................)...............
▓▓▓▓▓▓▓▓▓▓▓▓▓▓▓▓▓▓▓▓▓▓▓▓▓▓▓▓▓▓▓▓▓
...'..).)∩.∩.∩.∩.)).[).....).))))
▓▓▓▓▓▓▓▓▓▓▓▓▓▓▓▓▓▓▓▓▓▓▓▓▓▓▓▓▓▓▓▓▓
.................................
▓▓▓▓▓▓▓▓▓▓▓▓▓▓▓▓▓▓▓▓▓▓▓▓▓▓▓▓▓▓▓▓▓
.[[[...'(..(........'.......%%÷..


You could see a stone giant.

Vanquished Creatures
  A fire giant (D)
  A stone giant (D)
  An ettin (D)
  A great orb of eyes (D)
  A hydra (D)
  An ogre mage (D)
  Urug (D)
  An orc high priest (D)
  2 unseen horrors (D)
  2 lindwurms (D)
  6 orc sorcerers (D)
  An ugly thing (D)
  An orc knight (D)
  A cyclops (D)
  Maurice (D)
  An elephant (D)
  A kobold demonologist (D)
  2 komodo dragons (D)
  2 giant leeches (D)
  2 slime creatures (D)
  2 wyverns (D)
  A basilisk (D)
  2 yaks (D)
  3 water moccasins (D)
  2 porcupines (D)
  10 orc warriors (D)
  An ice beast (D)
  An ogre (D)
  A sky beast (D)
  3 crocodiles (D)
  3 giant frogs (D)
  A killer bee (D)
  2 hounds (D)
  An orc priest (D)
  An iguana (D)
  2 worker ants (D)
  14 orc wizards (D)
  A river rat (D)
  An adder (D)
  An ooze (D)
  An adder skeleton (D)
  An adder zombie (D)
  4 worms (D)
  7 orcs (D)
  A bat skeleton (D)
  A giant cockroach (D)
  A goblin (D)
  A hobgoblin (D)
  A ball python (D)
  A bat (D)
102 creatures vanquished.

Notes
Turn   | Place    | Note
--------------------------------------------------------------
     0 | D        | Kidiri the Gargoyle Fighter began the quest for the Orb.
     0 | D        | Reached XP level 1. HP: 14/14 MP: 1/1
    36 | D        | Noticed a sky beast
    42 | D        | Reached skill level 1 in Dodging
    42 | D        | Reached XP level 2. HP: 20/20 MP: 2/2
    43 | D        | Reached skill level 4 in Fighting
    52 | D        | Reached skill level 1 in Throwing
   103 | D        | Killed a sky beast
   103 | D        | Reached skill level 5 in Fighting
   103 | D        | Reached skill level 5 in Armour
   103 | D        | Reached skill level 5 in Shields
   103 | D        | Reached XP level 3. HP: 23/26 MP: 3/3
   103 | D        | Reached XP level 4. HP: 27/31 MP: 4/4
   115 | D        | Found a glowing silver altar of Zin.
   115 | D        | Found a glowing golden altar of the Shining One.
   115 | D        | Found an ancient bone altar of Kikubaaqudgha.
   115 | D        | Found a basalt altar of Yredelemnul.
   115 | D        | Found a shimmering altar of Xom.
   115 | D        | Found a radiant altar of Vehumet.
   116 | D        | Found an iron altar of Okawaru.
   117 | D        | Found a burning altar of Makhleb.
   118 | D        | Found a deep blue altar of Sif Muna.
   119 | D        | Found a bloodstained altar of Trog.
   120 | D        | Found a sparkling altar of Nemelex Xobeh.
   121 | D        | Found a white marble altar of Elyvilon.
   122 | D        | Found a roughly hewn altar of Beogh.
   123 | D        | Found a viscous altar of Jiyva.
   124 | D        | Became a worshipper of Warmaster Okawaru
   125 | D        | Found a corrupted altar of Lugonu.
   126 | D        | Found a blossoming altar of Fedhas.
   127 | D        | Found a snail-covered altar of Cheibriados.
   128 | D        | Found a shadowy altar of Dithmenos.
   129 | D        | Found a stormy altar of Qazlal.
   130 | D        | Found an opulent altar of Gozag.
   131 | D        | Found a sacrificial altar of Ru.
   132 | D        | Found an oddly glowing altar of Pakellas.
   271 | D        | Noticed a giant frog
   288 | D        | Reached skill level 1 in Invocations
   288 | D        | Reached XP level 5. HP: 36/36 MP: 5/5
   291 | D        | Reached skill level 6 in Fighting
   293 | D        | Reached skill level 5 in Maces & Flails
   295 | D        | Reached XP level 6. HP: 42/42 MP: 5/7
   438 | D        | Noticed a slime creature
   438 | D        | Noticed a cyclops
   438 | D        | Noticed a wyvern
   438 | D        | Noticed a cyan ugly thing
   450 | D        | Killed a cyan ugly thing
   450 | D        | Reached * piety under Okawaru
   450 | D        | Reached skill level 8 in Fighting
   450 | D        | Reached skill level 5 in Dodging
   450 | D        | Reached XP level 7. HP: 25/49 MP: 7/10
   453 | D        | Reached ** piety under Okawaru
   465 | D        | Killed a wyvern
   465 | D        | Reached XP level 8. HP: 24/55 MP: 9/11
   468 | D        | Killed a cyclops
   468 | D        | Reached skill level 9 in Fighting
   468 | D        | Reached skill level 5 in Invocations
   473 | D        | Killed a slime creature
   473 | D        | Reached *** piety under Okawaru
   827 | D        | Noticed an eight-headed hydra
   832 | D        | Noticed an elephant
   842 | D        | Killed an eight-headed hydra
   842 | D        | Received a gift from Okawaru
   842 | D        | Reached skill level 10 in Fighting
   842 | D        | Reached skill level 5 in Throwing
   842 | D        | Reached skill level 10 in Shields
   842 | D        | Reached XP level 9. HP: 47/62 MP: 10/13
   849 | D        | Reached skill level 10 in Armour
   858 | D        | Noticed a komodo dragon
   871 | D        | Reached **** piety under Okawaru
   884 | D        | Killed an elephant
   902 | D        | Killed a komodo dragon
   902 | D        | Received a gift from Okawaru
  1018 | D        | Noticed a komodo dragon
  1025 | D        | Reached XP level 10. HP: 56/68 MP: 11/14
  1045 | D        | Reached ***** piety under Okawaru
  1050 | D        | Received a gift from Okawaru
  1050 | D        | Reached skill level 10 in Maces & Flails
  1050 | D        | Reached skill level 11 in Armour
  1210 | D        | Noticed a lindwurm
  1214 | D        | Killed a lindwurm
  1221 | D        | Noticed a lindwurm
  1253 | D        | Killed a lindwurm
  1395 | D        | Noticed Urug
  1431 | D        | Killed Urug
  1600 | D        | Reached skill level 12 in Fighting
  1787 | D        | Noticed an orc high priest
  1792 | D        | Reached XP level 11. HP: 76/76 MP: 13/16
  1812 | D        | Killed an orc high priest
  1918 | D        | Found Yzot's Antique Armour Boutique.
  1918 | D        | Noticed an orc sorcerer
  1918 | D        | Noticed an orc sorcerer
  1923 | D        | Killed an orc sorcerer
  1926 | D        | Killed an orc sorcerer
  1929 | D        | Noticed an orc sorcerer
  1929 | D        | Found Jucou's Book Shop.
  1930 | D        | Noticed an orc sorcerer
  1931 | D        | Found Cumiod's Book Boutique.
  1937 | D        | Killed an orc sorcerer
  1937 | D        | Received a gift from Okawaru
  1938 | D        | Got a steaming scale mail {god gift}
  1945 | D        | Noticed an orc sorcerer
  1945 | D        | Killed an orc sorcerer
  1956 | D        | Noticed a sun demon
  1996 | D        | Gained mutation: Your body sometimes deteriorates upon taking damage. [a neqoxec]
  1997 | D        | Killed an orc sorcerer
  2008 | D        | Found Zistruut's Jewellery Shop.
  2013 | D        | Noticed an orc sorcerer
  2015 | D        | Paralysed by an orc sorcerer for 2 turns
  2017 | D        | Noticed a soul eater
  2019 | D        | Killed an orc sorcerer
  2019 | D        | Reached skill level 13 in Armour
  2019 | D        | Reached skill level 10 in Dodging
  2047 | D        | Bought a shiny helmet for 99 gold pieces
  2057 | D        | Identified the +3 scale mail of Failure {Str-5 Int+6} (Okawaru gifted it to you in the Dungeon)
  2224 | D        | Bought an uncursed ring of protection from fire for 275 gold pieces
  2224 | D        | Bought a +2 ring of protection for 110 gold pieces
  2224 | D        | Bought an uncursed amulet of the gourmand for 330 gold pieces
  2357 | D        | Noticed Maurice
  2379 | D        | Killed Maurice
  2850 | D        | Bought an uncursed ring of protection from cold for 275 gold pieces
  3068 | D        | Noticed an unseen horror
  3068 | D        | Noticed an unseen horror
  3068 | D        | Noticed an orc knight
  3071 | D        | Killed an unseen horror
  3077 | D        | Killed an orc knight
  3079 | D        | Killed an unseen horror
  3081 | D        | Noticed a fire giant
  3082 | D        | Noticed an ogre mage
  3100 | D        | Noticed a stone giant
  3103 | D        | Noticed an ettin
  3115 | D        | Killed a fire giant
  3115 | D        | Received a gift from Okawaru
  3115 | D        | Reached XP level 12. HP: 45/84 MP: 13/19
  3127 | D        | Killed an ogre mage
  3136 | D        | Killed a stone giant
  3136 | D        | Reached skill level 14 in Armour
  3140 | D        | Killed an ettin
  3152 | D        | Noticed a great orb of eyes
  3174 | D        | Killed a great orb of eyes
  3178 | D        | Noticed a stone giant
  3184 | D        | Hit by a large rock thrown by a stone giant

Vault maps used:
D:        linesprint

Action                   |  1- 3 |  4- 6 |  7- 9 | 10-12 || total
-------------------------+-------+-------+-------+-------++-------
Melee: Flail             |    82 |    42 |   101 |   291 ||   516
Throw: Javelin           |       |       |     2 |    44 ||    46
       Tomahawk          |       |       |       |    39 ||    39
Invok: Heroism           |       |       |     4 |     9 ||    13
       Finesse           |       |       |       |     9 ||     9
  Use: Potion            |     2 |     3 |       |     3 ||     8
       Scroll            |       |       |     2 |     1 ||     3
  Eat: Chunk             |       |       |     2 |     8 ||    10
       Meat ration       |       |       |       |     1 ||     1
